 Dungeon Crawl Stone Soup version 0.31-a0-854-g362426d53f (webtiles) character file.

Game seed: 11021700489372912998

58158 croobank the Thaumaturge (level 14, -16/109 HPs)
             Began as a Gnoll Ice Elementalist on Oct 8, 2023.
             Was an Initiate of Gozag.
             Succumbed to Nessos's poison
             ... on level 2 of the Orcish Mines.
             The game lasted 02:09:32 (23583 turns).

croobank the Thaumaturge (Gnoll Ice Elementalist)  Turns: 23583, Time: 02:09:33

Health: -16/109    AC: 20    Str:  8    XL:     14   Next: 89%
Magic:  29/29      EV: 12    Int: 26    God:    Gozag
Gold:   950        SH: 11    Dex: 15    Spells: 16/35 levels left

rFire   . . .        x - +8 scimitar (spect)
rCold   + . .        L - +0 kite shield
rNeg    . . .        n - +5 ring mail {rC+}
rPois   .            M - +1 helmet "Pank" {Harm +Blink rCorr Int+6}
rElec   .            R - +0 cloak
rCorr   +            D - +1 pair of gloves {Dex+3}
SInv    .            f - +1 pair of boots {rampage}
Will    +....        H - amulet of magic regeneration
Stlth   ++++         B - +4 ring of slaying
HPRegen 0.38/turn    U - +4 ring of slaying
MPRegen 0.61/turn

%: harm (+30% outgoing, +20% incoming), rampage
@: lethally poisoned (-16 -> -122), gold aura
A: fangs 1, strong nose, distributed training
a: Renounce Religion, Evoke Blink, Potion Petition, Call Merchant, Bribe Branch


You were on level 2 of the Orcish Mines.
You worshipped Gozag.
Gozag was pleased with you.
You visited 4 branches of the dungeon, and saw 20 of its levels.

You collected 5433 gold pieces.
You spent 2943 gold pieces at shops.
You paid 1540 gold pieces to Gozag.

Inventory:

Hand Weapons
 x - a +8 spectral scimitar (weapon)
 z - a +6 dagger
 C - a +1 broad axe of flaming
 F - a +6 flail of holy wrath
 O - a +2 antimagic orcbow
 P - the +7 captain's cutlass {speed, disarm}
   (You acquired it on level 7 of the Dungeon)
Missiles
 d - 4 silver javelins
 l - 2 atropa-tipped darts
 s - a throwing net
 w - 2 curare-tipped darts
 J - 20 boomerangs
Armour
 f - a +1 pair of boots of rampaging (worn)
 n - a +5 ring mail of cold resistance (worn)
 y - a +2 ring mail of willpower
 D - a +1 pair of gloves of dexterity (worn)
 L - a +0 kite shield (worn)
 M - the +1 helmet "Pank" (worn) {Harm +Blink rCorr Int+6}
   (You bought it in a shop on level 2 of the Orcish Mines)

   Int+6:     It affects your intelligence (+6).
   +Blink:    It lets you blink.
   rCorr:     It protects you from acid and corrosion.
   Harm:      It increases damage dealt and taken.
 R - a +0 cloak (worn)
Magical Staves
 A - a staff of cold
Jewellery
 i - a ring of wizardry
 o - a ring of willpower
 v - a ring of ice
 B - a +4 ring of slaying (left hand)
 E - a ring of willpower
 G - a +6 ring of strength
 H - an amulet of magic regeneration (around neck)
 Q - the ring "Vagrocrea" {rC+ rN+}
   (You found it on level 8 of the Dungeon)

   [ring of protection from cold]

   rC+:       It protects you from cold.
   rN+:       It protects you from negative energy.
 U - a +4 ring of slaying (right hand)
Talismans
 e - a flux talisman
Wands
 a - a wand of polymorph (4)
 q - a wand of flame (54)
 Y - a wand of iceblast (4)
Scrolls
 c - a scroll of immolation
 j - 5 scrolls of fog
 p - 4 scrolls of amnesia
 I - 9 scrolls of teleportation
 S - 4 scrolls of identify
 V - 2 scrolls of poison
 X - a scroll of vulnerability
 Z - a scroll of revelation
Potions
 b - 4 potions of magic
 g - 4 potions of curing
 h - a potion of attraction
 k - 3 potions of lignification
 m - 2 potions of mutation
 r - 6 potions of haste
 t - 4 potions of enlightenment
 u - 5 potions of brilliance
 N - a potion of resistance
 W - 2 potions of heal wounds
Miscellaneous
 K - a lightning rod (4/4)


   Skills:
 + Level 9.8 Fighting
 + Level 9.8 Short Blades
 + Level 9.8 Long Blades
 + Level 9.8 Axes
 + Level 9.8 Maces & Flails
 + Level 9.8 Polearms
 + Level 9.8 Staves
 + Level 9.8 Ranged Weapons
 + Level 9.8 Throwing
 + Level 9.8 Armour
 + Level 10.8 Dodging
 + Level 10.6 Stealth
 + Level 9.8 Shields
 + Level 9.8 Unarmed Combat
 + Level 11.0 Spellcasting
 + Level 8.2 Conjurations
 + Level 8.2 Hexes
 + Level 8.2 Summonings
 + Level 8.2 Necromancy
 + Level 8.2 Translocations
 + Level 8.2 Transmutations
 + Level 8.2 Fire Magic
 + Level 10.8 Ice Magic
 + Level 8.2 Air Magic
 + Level 8.2 Earth Magic
 + Level 8.2 Poison Magic
 + Level 10.6 Invocations
 + Level 9.8 Evocations
 + Level 9.0 Shapeshifting


You had 16 spell levels left.
You knew the following spells:

 Your Spells              Type           Power      Damage    Failure   Level
a - Freeze                Ice            100%       1d10      1%          1
b - Frozen Ramparts       Ice            100%       1d16      1%          3
c - Ozocubu's Armour      Ice            63%        N/A       1%          3
d - Summon Guardian Gole  Hex/Summ       54%        N/A       3%          3
e - Summon Lightning Spi  Summ/Air       54%        N/A       12%         4
f - Summon Mana Viper     Hex/Summ       54%        N/A       34%         5

Your spell library contained the following spells:

 Spells                   Type           Power      Damage    Failure   Level
 Apportation              Tloc           100%       N/A       1%          1
 Necrotise                Necr           100%       1d9       1%          1
 Shock                    Conj/Air       100%       1d9       1%          1
 Summon Small Mammal      Summ           100%       N/A       1%          1
 Static Discharge         Conj/Air       100%       2-7/arc   1%          2
 Call Canine Familiar     Summ           54%        N/A       3%          3
 Dazzling Flash           Conj/Hex       100%       N/A       3%          3
 Vampiric Draining        Necr           54%        2d9       3%          3
 Volatile Blastmotes      Fire/Tloc      100%       2d18      3%          3
 Summon Ice Beast         Ice/Summ       59%        N/A       7%          4
 Airstrike                Air            27%        2d(4-20)  12%         4
 Iskenderun's Mystic Bla  Conj/Tloc      54%        2d12      12%         4
 Sticky Flame             Conj/Fire      54%        2d7       12%         4
 Agony                    Necr           54%        N/A       34%         5
 Starburst                Conj/Fire      27%        6d9       88%         6
 Monstrous Menagerie      Summ           27%        N/A       100%        7
 Maxwell's Capacitive Co  Air            27%        ∞         100%        8


Dungeon Overview and Level Annotations

Branches:
Dungeon (12/15)            Temple (1/1) D:5            Lair (5/5) D:11
 Shoals (0/4) Lair:3       Spider (0/4) Lair:2        Slime (0/5) Lair:4
    Orc (2/2) D:10
    Elf: Orc:2

Altars:
Ashenzari
Cheibriados
Dithmenos
Elyvilon
Fedhas
Gozag
Hepliaklqana
Kikubaaqudgha
Makhleb
Nemelex Xobeh
Okawaru
Qazlal
Ru
Sif Muna
Trog
Uskayaw
Vehumet
Wu Jian
Xom
Yredelemnul
Zin
The Shining One

Shops:
D:2 ?   D:10 ?   D:12 :   Orc:2 [[=:

Annotations:
D:10 2 runed translucent doors, kd29's ghost, novice GrFi
D:12 2 runed translucent doors, JayJaygamer2134567's ghost, journeyman TrFi
Lair:1 2 transporters
Orc:2 Nessos


Innate Abilities, Weirdness & Mutations

You have very sharp teeth.
Your uncanny sense of smell can sniff out nearby items.
Your experience applies equally to all skills.


Message History

Your +8 spectral scimitar disappears.
You hear a shout!
The orc knight is no longer distracted by gold.
The warg bites you but does no damage.
The orc knight roars a battlecry!
The orc wizard goes into a battle-frenzy!
You hear a shout! x2
You slash the warg!
The warg is severely wounded.
Your +8 spectral scimitar hits the warg!
You kill the warg!
The orc knight roars a battlecry!
You slash the orc!
You kill the orc!
Your +8 spectral scimitar disappears.
Nessos is no longer distracted by gold.
Nessos shoots an arrow.
The arrow barely misses your lightning spire.
The arrow misses you.
Nessos shoots an arrow.
The arrow hits your lightning spire!
An ogre comes into view. It is wielding a +0 giant club.
An orc priest comes into view. It is wielding a +0 mace.
Your lightning spire shoots out a bolt of lightning at the orc wizard!
The bolt of electricity hits the orc wizard!
Nessos shoots an arrow.
The arrow hits you!! The arrow burns you.
Your lightning spire shoots out a bolt of lightning at the orc wizard!
The bolt of electricity hits the orc wizard!
The orc wizard dies!
Nessos shoots an arrow.
The arrow hits you! The arrow burns you.
You are lethally poisoned!
* * * LOW HITPOINT WARNING * * *
You feel extremely sick.
Nessos shoots an arrow.
The arrow hits you!
* * * LOW HITPOINT WARNING * * *
The arrow burns you.
You are more poisoned.
* * * LOW HITPOINT WARNING * * *
Your lightning spire shoots out a bolt of lightning at Nessos!
The bolt of electricity hits Nessos!
You die...
Your body crumbles into a pile of gold.

#..c.. ....O..
###.... ...oo..
###.#...##.......
#................
........8$$......
..........$......
##......$......
##.$.#........
##.@###.......
#...# ..#...#
#..<# ..#####
##...# .#.
#..#......
.......# ## ##.##
.## ## .# ∆.


You could see an orc knight and a friendly lightning spire (summoned).

Vanquished Creatures
  Josephine (Lair:4)
  Fannar (Lair:1)
  A hydra (Lair:4)
  Harold (Lair:1)
  2 boulder beetles
  3 two-headed ogres
  4 orc high priests (Orc:2)
  2 orc knights (Orc:2)
  3 harpies (Lair:3)
  A cyclops (D:11)
  10 elephants
  7 black mambas
  A gargoyle (D:10)
  2 rime drakes (Lair:5)
  Maggie (D:7)
  15 cane toads
  An unseen horror (D:11)
  A kobold demonologist (D:12)
  An efreet (D:8)
  7 komodo dragons
  3 trolls
  3 tyrant leeches (Lair:5)
  3 dream sheep (Lair:4)
  2 nameless horrors
  Prince Ribbit (D:7)
  15 blink frogs
  A slime creature (D:8)
  3 wyverns
  4 basilisks
  6 wraiths
  48 yaks
  Menkaure (D:5)
  5 vampire mosquitoes
  Edmund (D:5)
  A warg (Orc:2)
  3 acid dragons
  5 water moccasins
  3 ice beasts
  A sky beast (Lair:5)
  8 orc warriors
  A black bear (D:7)
  3 ogres
  8 wolves
  5 centaurs
  3 kobold brigands
  Blork the orc (D:4)
  18 bullfrogs
  3 scorpions
  2 gnoll sergeants
  5 wights
  5 killer bees (D:9)
  A howler monkey (D:6)
  An electric eel (Lair:5)
  5 hounds
  10 orc priests
  2 sleepcaps (D:6)
  5 iguanas
  14 orc wizards
  Natasha (twice) (D:4)
  6 gnolls
  10 adders
  A white imp (D:5)
  2 ufetubi
  2 worms (Lair:2)
  2 dart slugs (D:4)
  51 orcs
  7 ball pythons
  8 endoplasms
  7 giant cockroaches
  7 goblins
  7 hobgoblins
  10 jackals
  19 kobolds
  5 quokkas
  5 bats
  2 frilled lizards (D:1)
  9 rats
436 creatures vanquished.

Vanquished Creatures (collateral kills)
  A tengu warrior (D:12)
  An orc high priest (Orc:2)
  The ghost of RepHenryClay the Covert, a novice GnBr of Okawaru (D:6)
  An orc knight (Orc:1)
  3 cane toads
  A gargoyle (D:12)
  A komodo dragon (Lair:5)
  3 blink frogs
  6 dream sheep
  A slime creature (D:12)
  A wraith (D:12)
  2 vampire mosquitoes
  2 water moccasins
  11 orc warriors
  An ogre (D:6)
  A bullfrog (Lair:3)
  A jelly (D:5)
  18 orc priests
  2 orc wizards
  A nameless horror (D:8)
  A worm (D:3)
  18 orcs
  A quokka (D:3)
  A butterfly (Lair:5)
80 creatures vanquished.

Vanquished Creatures (others)
  A goliath frog (Lair:5)
  An orc knight (Orc:1)
  A cyclops (D:12)
  2 cane toads
  A gargoyle (D:12)
  A komodo dragon (Lair:5)
  3 dream sheep (Lair:5)
  2 slime creatures (D:12)
  The ghost of epsilonplus the Shooter, an amateur HOHu of Uskayaw (D:3)
  2 basilisks
  3 yaks (Lair:5)
  A vampire mosquito (D:12)
  A warg (Orc:1)
  An acid dragon (D:12)
  2 water moccasins (Lair:1)
  5 orc warriors (Orc:2)
  An ogre (Orc:1)
  3 orc priests (Orc:2)
  A kobold (D:12)
33 creatures vanquished.

Grand Total: 549 creatures vanquished

Notes
Turn   | Place    | Note
-------+----------+-------------------------------------------
     0 | D:1      | croobank the Gnoll Ice Elementalist began the quest for the
                  | Orb.
     0 | D:1      | Reached XP level 1. HP: 13/13 MP: 6/6
   212 | D:1      | Reached XP level 2. HP: 18/19 MP: 7/7
   420 | D:1      | Reached skill level 5 in Spellcasting
   420 | D:1      | Reached XP level 3. HP: 25/25 MP: 5/9
   557 | D:1      | Learned a level 3 spell: Frozen Ramparts
   854 | D:1      | Reached skill level 1 in Invocations
  1285 | D:2      | Reached skill level 1 in Fighting
  1285 | D:2      | Reached skill level 1 in Short Blades
  1285 | D:2      | Reached skill level 1 in Long Blades
  1285 | D:2      | Reached skill level 1 in Axes
  1285 | D:2      | Reached skill level 1 in Maces & Flails
  1285 | D:2      | Reached skill level 1 in Polearms
  1285 | D:2      | Reached skill level 1 in Staves
  1285 | D:2      | Reached skill level 1 in Ranged Weapons
  1285 | D:2      | Reached skill level 1 in Throwing
  1285 | D:2      | Reached skill level 1 in Armour
  1285 | D:2      | Reached skill level 1 in Shields
  1285 | D:2      | Reached skill level 1 in Unarmed Combat
  1285 | D:2      | Reached skill level 1 in Evocations
  1521 | D:2      | Found Muiklu Elynn's Magic Scroll Emporium.
  1538 | D:2      | Bought a scroll of identify for 24 gold pieces
  1599 | D:2      | Reached XP level 4. HP: 30/32 MP: 7/11
  1746 | D:2      | Reached skill level 1 in Shapeshifting
  1866 | D:3      | Found a runed translucent door.
  1867 | D:3      | Noticed epsilonplus's ghost (amateur HOHu)
  1872 | D:3      | Learned a level 3 spell: Ozocubu's Armour
  1896 | D:3      | Reached skill level 1 in Conjurations
  1896 | D:3      | Reached skill level 1 in Hexes
  1896 | D:3      | Reached skill level 1 in Summonings
  1896 | D:3      | Reached skill level 1 in Necromancy
  1896 | D:3      | Reached skill level 1 in Translocations
  1896 | D:3      | Reached skill level 1 in Transmutations
  1896 | D:3      | Reached skill level 1 in Fire Magic
  1896 | D:3      | Reached skill level 1 in Air Magic
  1896 | D:3      | Reached skill level 1 in Earth Magic
  1896 | D:3      | Reached skill level 1 in Poison Magic
  2544 | D:3      | Found a faded altar of an unknown god.
  2679 | D:3      | Reached XP level 5. HP: 37/37 MP: 12/12
  2944 | D:3      | Found a runed translucent door.
  3371 | D:4      | Noticed Natasha
  3380 | D:4      | Killed Natasha
  3444 | D:4      | Found a broken altar of Ashenzari.
  3452 | D:4      | Reached XP level 6. HP: 42/44 MP: 13/13
  3574 | D:4      | Reached skill level 5 in Dodging
  3781 | D:4      | Noticed Blork the orc
  3796 | D:4      | Killed Blork the orc
  3937 | D:4      | Noticed Natasha
  3940 | D:4      | Killed Natasha
  4068 | D:5      | Entered Level 5 of the Dungeon
  4203 | D:5      | Reached XP level 7. HP: 31/51 MP: 8/15
  4235 | D:5      | Reached skill level 5 in Stealth
  4477 | D:5      | Found a staircase to the Ecumenical Temple.
  4504 | Temple   | Entered the Ecumenical Temple
  4521 | Temple   | Became a worshipper of Gozag Ym Sagoz the Greedy
  4622 | D:5      | Found a shimmering blue altar of Sif Muna.
  4665 | D:5      | Noticed Menkaure
  4675 | D:5      | Killed Menkaure
  4676 | D:5      | Reached XP level 8. HP: 32/57 MP: 8/16
  4771 | D:5      | Noticed Edmund
  4786 | D:5      | Killed Edmund
  5022 | D:6      | Reached skill level 6 in Spellcasting
  5146 | D:6      | Found an iron altar of Okawaru.
  5338 | D:6      | Found a transporter.
  5374 | D:6      | Noticed RepHenryClay's ghost (novice GnBr)
  5375 | D:6      | Found a transporter.
  5376 | D:6      | Identified the +10 great mace "Cyekhlot" {freeze, rC+ rN+
                  | Str+2}
  5876 | D:7      | Noticed Maggie
  5893 | D:7      | Killed Maggie
  5894 | D:7      | Reached XP level 9. HP: 46/65 MP: 18/18
  5896 | D:7      | Noticed Prince Ribbit
  6002 | D:7      | Identified a scroll of acquirement
  6002 | D:7      | Acquired the +7 captain's cutlass {speed, disarm}
  6002 | D:7      | Found the +7 captain's cutlass {speed, disarm}
  6049 | D:7      | Killed Prince Ribbit
  6742 | D:8      | Reached skill level 5 in Invocations
  6773 | D:8      | Found a glowing silver altar of Zin.
  6837 | D:8      | Found a transporter.
  6837 | D:8      | Noticed a boulder beetle
  6838 | D:8      | Found a transporter.
  6978 | D:8      | Noticed an efreet
  6990 | D:8      | Killed an efreet
  6991 | D:8      | Reached skill level 7 in Spellcasting
  7116 | D:8      | Reached XP level 10. HP: 52/73 MP: 20/20
  7121 | D:8      | Identified the ring "Vagrocrea" {rC+ rN+}
  7133 | D:8      | Reached skill level 5 in Fighting
  7133 | D:8      | Reached skill level 5 in Short Blades
  7133 | D:8      | Reached skill level 5 in Long Blades
  7133 | D:8      | Reached skill level 5 in Axes
  7133 | D:8      | Reached skill level 5 in Maces & Flails
  7133 | D:8      | Reached skill level 5 in Polearms
  7133 | D:8      | Reached skill level 5 in Staves
  7133 | D:8      | Reached skill level 5 in Ranged Weapons
  7133 | D:8      | Reached skill level 5 in Throwing
  7133 | D:8      | Reached skill level 5 in Armour
  7133 | D:8      | Reached skill level 5 in Shields
  7133 | D:8      | Reached skill level 5 in Unarmed Combat
  7133 | D:8      | Reached skill level 5 in Evocations
  7531 | D:9      | Noticed a two-headed ogre
  7540 | D:9      | Killed a two-headed ogre
  7826 | D:9      | Found a bloodstained altar of Trog.
  7826 | D:9      | Found a white marble altar of Elyvilon.
  8166 | D:9      | Reached skill level 5 in Shapeshifting
  8316 | D:10     | Entered Level 10 of the Dungeon
  8425 | D:10     | Found Tass's Magic Scroll Shop.
  8425 | D:10     | Noticed a gargoyle
  8461 | D:10     | Killed a gargoyle
  8510 | D:10     | Bought a scroll of immolation for 48 gold pieces
  8510 | D:10     | Bought a scroll of blinking for 90 gold pieces
  8510 | D:10     | Bought a scroll of enchant weapon for 90 gold pieces
  8510 | D:10     | Bought a scroll of identify for 24 gold pieces
  8510 | D:10     | Bought a scroll of identify for 24 gold pieces
  8566 | D:10     | Found a runed translucent door.
  8568 | D:10     | Found a runed translucent door.
  8568 | D:10     | Noticed a skeletal warrior
  8572 | D:10     | Noticed a frost giant
  8574 | D:10     | Noticed a necromancer
  8581 | D:10     | Noticed a lich
  9015 | D:10     | Found a staircase to the Orcish Mines.
  9183 | D:10     | Got a peculiar book
  9425 | D:10     | Noticed kd29's ghost (novice GrFi)
  9625 | D:11     | Reached XP level 11. HP: 81/81 MP: 17/22
  9632 | D:11     | Reached skill level 5 in Conjurations
  9632 | D:11     | Reached skill level 5 in Hexes
  9632 | D:11     | Reached skill level 5 in Summonings
  9632 | D:11     | Reached skill level 5 in Necromancy
  9632 | D:11     | Reached skill level 5 in Translocations
  9632 | D:11     | Reached skill level 5 in Transmutations
  9632 | D:11     | Reached skill level 5 in Fire Magic
  9632 | D:11     | Reached skill level 5 in Air Magic
  9632 | D:11     | Reached skill level 5 in Earth Magic
  9632 | D:11     | Reached skill level 5 in Poison Magic
  9678 | D:11     | Found a staircase to the Lair.
  9745 | D:11     | Reached skill level 8 in Spellcasting
 10242 | D:11     | Noticed a cyclops
 10666 | D:11     | Killed a cyclops
 11086 | D:12     | Noticed a cyclops
 11086 | D:12     | Noticed a two-headed ogre
 11117 | Lair:1   | Entered Level 1 of the Lair of Beasts
 11130 | Lair:1   | Learned a level 3 spell: Summon Guardian Golem
 11135 | Lair:1   | Learned a level 4 spell: Summon Lightning Spire
 11215 | Lair:1   | Found a transporter.
 11611 | Lair:1   | Noticed Harold
 11621 | Lair:1   | Killed Harold
 11622 | Lair:1   | Reached XP level 12. HP: 87/89 MP: 24/24
 11658 | Lair:1   | Found a transporter.
 11714 | Lair:1   | Noticed Fannar
 11780 | Lair:1   | Killed Fannar
 12469 | Lair:2   | Found a hole to the Spider Nest.
 12674 | Lair:2   | You fall into a shaft and drop 2 floors!
 12786 | Lair:3   | Reached skill level 9 in Spellcasting
 12833 | Lair:3   | Found a staircase to the Shoals.
 13138 | Lair:3   | Identified the +6 great mace "Levuton" {drain, rElec Will+}
 14559 | Lair:4   | Noticed a seven-headed hydra
 14568 | Lair:4   | Killed a five-headed hydra
 14730 | Lair:4   | Reached XP level 13. HP: 78/98 MP: 26/26
 14821 | Lair:4   | Noticed Josephine
 14838 | Lair:4   | Killed Josephine
 14856 | Lair:4   | Found a staircase to the Slime Pits.
 15241 | Lair:4   | Reached skill level 10 in Ice Magic
 15777 | Lair:5   | Entered Level 5 of the Lair of Beasts
 16426 | Lair:5   | Reached skill level 10 in Spellcasting
 16959 | Lair:5   | Reached skill level 10 in Dodging
 17589 | Lair:5   | Reached XP level 14. HP: 93/108 MP: 20/28
 17612 | Lair:5   | HP: 1/108 [komodo dragon (22)]
 17630 | Lair:5   | Reached skill level 10 in Stealth
 18073 | Lair:5   | Reached skill level 10 in Invocations
 18259 | Lair:5   | Noticed Sonja
 18260 | Lair:5   | Sonja changed into Sonja the sky beast
 18260 | Lair:5   | Noticed Sonja
 18300 | Lair:5   | Killed Sonja the sky beast
 19201 | D:10     | Bought a scroll of brand weapon for 114 gold pieces
 19353 | D:12     | Bought a book of Beasts for 532 gold pieces
 19388 | D:12     | Learned a level 5 spell: Summon Mana Viper
 19442 | D:12     | Found a large runed translucent door.
 19442 | D:12     | Found a large runed translucent door.
 19445 | D:12     | Noticed JayJaygamer2134567's ghost (journeyman TrFi)
 20661 | D:3      | Killed epsilonplus's ghost
 21241 | D:6      | Killed RepHenryClay's ghost
 21639 | D:8      | Upgraded the game from 0.31-a0-851-g7ff8af7976 to
                  | 0.31-a0-854-g362426d53f
 21752 | Orc:1    | Entered Level 1 of the Orcish Mines
 22392 | Orc:2    | Entered Level 2 of the Orcish Mines
 23143 | Orc:2    | Found Miudis's Armour Shop.
 23143 | Orc:2    | Found Veokeep's Book Shop.
 23144 | Orc:2    | Found Ticegofes's Antique Armour Boutique.
 23144 | Orc:2    | Found Fedev's Jewellery Shop.
 23151 | Orc:2    | Bought the +1 helmet "Pank" {Harm +Blink rCorr Int+6} for
                  | 625 gold pieces
 23163 | Orc:2    | Bought a pair of glowing gloves for 202 gold pieces
 23182 | Orc:2    | Bought a +4 ring of slaying for 1170 gold pieces
 23365 | Orc:1    | Reached skill level 11 in Spellcasting
 23572 | Orc:2    | Noticed Nessos
 23583 | Orc:2    | Succumbed to Nessos's poison

Illustrated notes

Levels and vault maps discovered:
D:1:      spicycebolla_green_bress_n_ham, layout_basic, minmay_pentomino_v4
D:2:      layout_rooms, serial_shops, shop
D:3:      cheibrodos_helix_gallery, layout_basic, ebering_ghost_sewer_f,
          dreamdust_ecumenical_altar_hidden_monk_grotto
D:4:      minmay_opposing_rooms, layout_rooms, cheibrodos_ashenzari_chains,
          minmay_misc_feat_room, uniq_blork_the_orc, uniq_natasha
D:5:      layout_rooms, nicolae_sif_muna_little_library,
          minmay_temple_entry_tees, uniq_menkaure, uniq_edmund
D:6:      layout_loops_ring, okawaru_ov_weapons_minmay, gammafunk_ghost_smash
D:7:      layout_basic, uniq_maggie, uniq_prince_ribbit1
D:8:      gammafunk_boulding_lane, layout_rooms, mainiacjoe_overflow_chevrons,
          st_stairs_4, minmay_radiant
D:9:      layout_basic, nicolae_overflow_two_pavilions
D:10:     layout_roguey, orc_0_dummy, muffindrake_ghost_dual_entry, st_stairs_9,
          kennysheep_small_circle
D:11:     layout_stronghold, lair_entry_dummy
D:12:     layout_loops_ring, ebering_ghost_disaster_area
Temple:   nicolae_temple_elliptical
Lair:1:   gammafunk_cloud_chamber, layout_chaotic_city, st_stairs_7,
          uniq_harold, uniq_fannar
Lair:2:   layout_regular_city, nicolae_spider_entry_non_spiders
Lair:3:   layout_hall_layers, nicolae_shoals_entry_roost
Lair:4:   layout_cellular_growth, slime_entry_1, uniq_josephine
Lair:5:   minmay_lair_end_frog_pond, layout_long_grid, lemuel_fruit_fields,
          uniq_sonja
Orc:1:    nicolae_orc_accident_1, layout_caves
Orc:2:    st_orc_pillars, layout_caves, serial_shops, shop, mines1_david,
          uniq_nessos, uniq_urug, uniq_donald, uniq_maurice

Skill      XL: |  1  2  3  4  5  6  7  8  9 10 11 12 13 14 |
---------------+-------------------------------------------+-----
Spellcasting   | 5 6 7 8 9 10 11 | 11.0
Invocations    | 1 2 3 4 5 6 7 8 9 10 | 10.6
Fighting       | 1 2 4 5 6 7 9 |  9.8
Short Blades   | 1 2 4 5 6 7 9 |  9.8
Long Blades    | 1 2 4 5 6 7 9 |  9.8
Axes           | 1 2 4 5 6 7 9 |  9.8
Maces & Flails | 1 2 4 5 6 7 9 |  9.8
Polearms       | 1 2 4 5 6 7 9 |  9.8
Staves         | 1 2 4 5 6 7 9 |  9.8
Ranged Weapons | 1 2 4 5 6 7 9 |  9.8
Throwing       | 1 2 4 5 6 7 9 |  9.8
Armour         | 1 2 4 5 6 7 9 |  9.8
Shields        | 1 2 4 5 6 7 9 |  9.8
Unarmed Combat | 1 2 4 5 6 7 9 |  9.8
Evocations     | 1 2 4 5 6 7 9 |  9.8
Shapeshifting  | 1 2 3 4 5 6 7 8 9 |  9.0
Conjurations   | 1 2 3 4 5 6 7 8 |  8.2
Hexes          | 1 2 3 4 5 6 7 8 |  8.2
Summonings     | 1 2 3 4 5 6 7 8 |  8.2
Necromancy     | 1 2 3 4 5 6 7 8 |  8.2
Translocations | 1 2 3 4 5 6 7 8 |  8.2
Transmutations | 1 2 3 4 5 6 7 8 |  8.2
Fire Magic     | 1 2 3 4 5 6 7 8 |  8.2
Air Magic      | 1 2 3 4 5 6 7 8 |  8.2
Earth Magic    | 1 2 3 4 5 6 7 8 |  8.2
Poison Magic   | 1 2 3 4 5 6 7 8 |  8.2
Dodging        | 5 6 7 8 9 10 | 10.8
Stealth        | 5 6 7 8 9 10 | 10.6
Ice Magic      | 8 9 10 | 10.8

Action                     |  1- 3 |  4- 6 |  7- 9 | 10-12 | 13-15 || total
---------------------------+-------+-------+-------+-------+-------++-------
  Melee: Unarmed           |     8 |       |       |       |       ||     8
         War axe           |     5 |       |       |    21 |       ||    26
         Bite              |     3 |     9 |    26 |    56 |    66 ||   160
         Dagger            |    29 |    77 |    82 |       |    32 ||   220
         Punch             |       |     2 |     6 |    15 |    20 ||    43
         Cutlass           |       |       |    66 |   235 |   256 ||   557
         Great mace        |       |       |       |    73 |     1 ||    74
         Broad axe         |       |       |       |     3 |       ||     3
         Flail             |       |       |       |       |    21 ||    21
         Scimitar          |       |       |       |       |    57 ||    57
  Throw: Dart              |       |     6 |    15 |     9 |       ||    30
         Throwing net      |       |       |     5 |     7 |     3 ||    15
   Cast: Freeze            |    18 |     2 |     4 |     1 |       ||    25
         Frozen Ramparts   |    14 |    20 |    29 |    39 |    53 ||   155
         Ozocubu's Armour  |       |    10 |    26 |    39 |    49 ||   124
         Summon Guardian G |       |       |       |    11 |    27 ||    38
         Summon Lightning  |       |       |       |    10 |    54 ||    64
         Summon Mana Viper |       |       |       |       |    10 ||    10
 Invoke: Potion Petition   |       |       |       |     1 |     1 ||     2
         Call Merchant     |       |       |       |       |     1 ||     1
  Evoke: Wand              |       |       |       |     1 |     3 ||     4
    Use: Scroll            |     2 |    11 |     5 |     8 |    12 ||    38
         Potion            |       |       |     1 |     7 |     2 ||    10
   Stab: Sleeping          |     4 |     6 |     3 |     2 |     5 ||    20
         Held in net/web   |       |       |     2 |     5 |       ||     7
         Invisible         |       |       |       |     1 |       ||     1
         Distracted        |       |       |       |     1 |     7 ||     8
 Armour: Robe              |    31 |     5 |       |       |       ||    36
         Ring mail         |       |    41 |   111 |   288 |   186 ||   626
  Dodge: Dodged            |    38 |    41 |    72 |   213 |   129 ||   493
  Block: Kite shield       |       |       |       |       |    16 ||    16

Table legend: (Time is in decaauts)
 A = Elapsed time spent in this place.
 B = Non-inter-level travel time spent in this place.
 C = Inter-level travel time spent in this place.
 D = Time resting spent in this place.
 E = Time spent auto-exploring this place.
 F = Levels seen in this place.
 G = Mean time per level.
                   A        B        C        D        E       F      G
               +--------+--------+--------+--------+--------+-----+--------+
         Total |  23338 |  21681 |   1657 |   5314 |  11431 |  20 | 1166.9 |
       Dungeon |  13607 |  12230 |   1377 |   2405 |   7056 |  12 | 1133.9 |
        Temple |     34 |      1 |     33 |      0 |      0 |   1 |   34.0 |
          Lair |   7870 |   7674 |    196 |   2323 |   3610 |   5 | 1574.0 |
  Orcish Mines |   1826 |   1776 |     50 |    586 |    765 |   2 |  913.0 |
               +--------+--------+--------+--------+--------+-----+--------+

Top non-repeatable levels by time:
  Lair:5: 2768 daAuts
  Lair:4: 1897 daAuts
     D:3: 1769 daAuts
    D:10: 1461 daAuts
    D:11: 1317 daAuts
  Lair:1: 1297 daAuts
    D:12: 1199 daAuts
     D:6: 1199 daAuts
     D:9: 1179 daAuts
     D:1: 1143 daAuts
  Lair:2: 1055 daAuts
   Orc:2: 977 daAuts
     D:4: 958 daAuts
     D:5: 923 daAuts
     D:8: 920 daAuts
